 Dungeon Crawl Stone Soup version 0.29-a0-962-gc8bbfd0a37 (webtiles) character file.

Game seed: 14940712690435032504

269574 porpoise the Slayer (level 20, 0/180 HPs)
             Began as a Merfolk Gladiator on July 28, 2022.
             Was a High Priest of Ru.
             Slain by a sun demon (6 damage)
             ... led by a balrug
             ... on level 3 of the Abyss on July 31, 2022.
             The game lasted 04:19:24 (59363 turns).

porpoise the Slayer (Merfolk Gladiator)            Turns: 59363, Time: 04:19:25

Health: 0/180      AC: 20    Str: 21    XL:     20   Next: 18%
Magic:  27/27      EV: 24    Int:  9    God:    Ru [*****.]
Gold:   617        SH:  0    Dex: 16    Spells: 19/29 levels left

rFire   + . .      SeeInvis .   a - +9 demon trident (elec)
rCold   + . .      Faith    .   (shield unavailable)
rNeg    . . .      Spirit   .   g - +4 scale mail {Will+}
rPois   .          Reflect  .   c - +1 helmet
rElec   .          Harm     .   I - scarf {rC+ rF+}
rCorr   .          Rampage  .   B - +2 pair of gloves
Will    +....                   u - +0 pair of boots
Stlth   ..........              V - amulet of the acrobat
HPRegen 0.40/turn               (ring unavailable)
MPRegen 0.20/turn               A - +4 ring of evasion

@: about to teleport
A: missing a hand, no conjurations magic, no hexes magic, no ice magic,
weak-willed 1, (nimble swimmer 2), mertail, mutation resistance 1
}: 2/15 runes: barnacled, gossamer
a: Renounce Religion, Draw Out Power, Power Leap, Apocalypse


You were on level 3 of the Abyss.
You worshipped Ru.
Ru was extremely pleased with you.
You visited 6 branches of the dungeon, and saw 33 of its levels.
You visited the Abyss 1 time.
You also visited: Ossuary.

You collected 3445 gold pieces.
You spent 2828 gold pieces at shops.

Inventory:

Hand Weapons
 a - a +9 demon trident of electrocution (weapon)
 b - a +6 sling of freezing
Missiles
 r - 3 curare-tipped darts (quivered)
Armour
 c - a +1 helmet (worn)
 g - a +4 scale mail of willpower (worn)
 u - a +0 pair of boots (worn)
 B - a +2 pair of gloves (worn)
 I - a scarf of resistance (worn)
Jewellery
 t - a ring of resist corrosion
 A - a +4 ring of evasion (right hand)
 J - a ring of see invisible
 V - an amulet of the acrobat (around neck)
Wands
 d - a wand of digging (7)
 i - a wand of polymorph (12)
 v - a wand of flame (13)
 x - a wand of mindburst (4)
 G - a wand of iceblast (11)
 K - a wand of charming (11)
Scrolls
 j - a scroll of fog
 o - 2 scrolls of poison
 p - 11 scrolls of teleportation
 w - a scroll of blinking
 y - 10 scrolls of vulnerability
 E - 2 scrolls of silence
 H - a scroll of summoning
 Q - 3 scrolls of magic mapping
 S - a scroll of fear
Potions
 e - 3 potions of lignification
 l - 6 potions of curing
 z - 6 potions of attraction
 C - 2 potions of heal wounds
 D - 3 potions of cancellation
 L - 5 potions of ambrosia
 M - 2 potions of invisibility
 P - a potion of resistance
Miscellaneous
 n - a box of beasts
 N - a tin of tremorstones (inert)
 X - a phial of floods


   Skills:
 + Level 21.5 Fighting
 - Level 16.0 Polearms
 - Level 2.0 Throwing
 - Level 12.0 Armour
 - Level 20.0 Dodging
 - Level 5.0 Spellcasting
 - Level 9.0 Translocations
 - Level 12.0 Transmutations
 + Level 10.8 Evocations


You had 19 spell levels left.
You knew the following spells:

 Your Spells              Type           Power      Damage    Failure   Level
b - Lesser Beckoning      Tloc           18%        N/A       4%          3
k - Blink                 Tloc           36%        N/A       1%          2
y - Yara's Violent Unrav  Hex/Tmut       6%         3d5       77%         5

Your spell library contained the following spells:

 Spells                   Type           Power      Damage    Failure   Level
 Gell's Gravitas          Tloc           18%        N/A       4%          3
 Teleport Other           Tloc           18%        N/A       4%          3
 Passwall                 Tmut/Erth      10%        N/A       7%          2
 Passage of Golubria      Tloc           18%        N/A       13%         4
 Ignite Poison            Fire/Tmut/Pois 9%         N/A       30%         3
 Manifold Assault         Tloc           18%        N/A       36%         5
 Petrify                  Tmut/Erth      13%        N/A       41%         4
 Sublimation of Blood     Necr           2%         N/A       63%         2
 Swiftness                Air            2%         N/A       85%         3
 Vampiric Draining        Necr           2%         2d6       85%         3
 Animate Dead             Necr           2%         N/A       99%         4
 Borgnjor's Vile Clutch   Necr/Erth      1%         N/A       100%        5
 Death Channel            Necr           1%         N/A       100%        6
 Storm Form               Tmut/Air       6%         N/A       100%        7
 Slow                     Hex            Unusable   N/A       N/A         1
 Ensorcelled Hibernation  Hex/Ice        Unusable   N/A       N/A         2
 Irradiate                Conj/Tmut      Unusable   3d13      N/A         5
 Confusing Touch          Hex            Unusable   N/A       N/A         3
 Mephitic Cloud           Conj/Pois/Air  Unusable   N/A       N/A         3
 Tukima's Dance           Hex            Unusable   N/A       N/A         3
 Freezing Cloud           Conj/Ice/Air   Unusable   6-21      N/A         5
 Enfeeble                 Hex            Unusable   N/A       N/A         7

Dungeon Overview and Level Annotations

Branches:
Dungeon (15/15)            Temple (0/1) D:6            Lair (5/5) D:8
 Shoals (4/4) Lair:2       Spider (4/4) Lair:2        Slime (0/5) Lair:4
    Orc (2/2) D:11            Elf (0/3) Orc:2        Vaults (3/5) D:14
 Depths (0/4) D:15        Ossuary (visited)
  Crypt: Vaults:2-3

Altars:
Ashenzari
Dithmenos
Hepliaklqana
Qazlal
Ru
Sif Muna
Trog
Xom
Jiyva

Shops:
D:1 *   D:4 [   Orc:1 *?   Orc:2 ???(!   Vaults:1 [

Portals:
Abyss: Lair:1
Trove: D:11 (give 6 scrolls of fog)

Annotations:
D:6 2 runed translucent doors
Lair:1 2 transporters, Valamore's ghost, journeyman FoFi
Shoals:1 1 runed translucent door, SirDiesAlot's ghost, adept DEEE
Shoals:2 exclusion: oklob plant


Innate Abilities, Weirdness & Mutations

You are missing a hand.
You cannot study or cast Conjurations magic.
You cannot study or cast Hexes magic.
You cannot study or cast Ice magic.
You are slightly weak-willed. (Will-)
((You are very nimble when in or above water. (Stealth+, EV+, Speed+++)))
Your lower body shifts to a powerful aquatic tail in water.
You are somewhat resistant to further mutation.


Message History

The bolt of fire misses you.
The sun demon hits you but does no damage.
The sun demon completely misses you.
The balrug hits you with a +0 vampiric demon whip.
* * * LOW HITPOINT WARNING * * *
You are engulfed in flames!
You resist.
* * * LOW HITPOINT WARNING * * *
You focus your inner power and blind the balrug in retribution!
The sun demon completely misses you. The balrug gestures at you.
The sticky flame misses you.
You redirect the sun demon's attack!
The sun demon hits the balrug!!
The balrug is engulfed in flames.
The balrug completely resists.
The sun demon is stunned by your conviction and fails to attack.
You feel less invigorated.
You feel less confused. The balrug gestures at you.
The fireball explodes!
The fireball engulfs you! You resist.
* * * LOW HITPOINT WARNING * * *
The fireball engulfs the balrug.
The balrug completely resists.
The fireball engulfs the sun demon.
The sun demon completely resists.
The fireball engulfs the sun demon.
The sun demon completely resists.
The sun demon is stunned by your conviction and fails to attack. x2
You catch the helpless balrug completely off-guard!
You puncture the balrug!
The balrug is moderately wounded.
The balrug begins to attack, but is stunned by your conviction!
You redirect the sun demon's attack!
The sun demon hits the balrug!
The balrug is engulfed in flames.
The balrug completely resists.
The sun demon completely misses you.
You closely miss the balrug.
The balrug is heavily wounded.
The balrug gestures at you. The bolt of fire hits you! You resist.
* * * LOW HITPOINT WARNING * * *
The sun demon hits you!
* * * LOW HITPOINT WARNING * * *
You are engulfed in flames.
You resist.
You die...

#. . ##.... #.
.# #... #
###.. ..
.....# ##....
.....###.#.#
#. .....#....#
#........##
##....23#.#.#
#....3@#2.#
#....###.....#
#....## #.###
##.#.# ..
...#.. #
..#.... .. ..


You could see a balrug (blind) and 2 sun demons.

Vanquished Creatures
  Mara (Shoals:4)
  Arachne (Spider:2)
  Zenata (Vaults:1)
  Rupert (D:14)
  Jorgrun (Spider:1)
  Asterion (Spider:1)
  Mlioglotl (Spider:2)
  Frances (Shoals:1)
  10 vault wardens
  5 ghost moths
  7 emperor scorpions
  2 ironbound thunderhulks
  3 war gargoyles
  8 very ugly things
  7 ironbound preservers
  3 broodmothers
  Azrael (D:15)
  4 entropy weavers
  14 dire elephants
  3 spark wasps
  Snorg (D:11)
  4 merfolk javelineers
  7 merfolk impalers
  A crystal guardian (Vaults:2)
  An ettin (D:14)
  3 yaktaur captains
  2 great orbs of eyes
  12 vault guards
  8 boulder beetles
  4 hydras
  A peacekeeper (Vaults:2)
  8 ironbound frosthearts
  A merfolk avatar (Shoals:1)
  An ogre mage (D:13)
  2 catoblepae (Lair:5)
  3 radroaches
  3 merfolk aquamancers
  4 alligator snapping turtles
  11 centaur warriors
  A death knight (D:15)
  5 satyrs
  5 two-headed ogres
  A tengu warrior (D:14)
  10 death yaks
  2 orc high priests
  2 sun demons (Abyss:3)
  A skeletal warrior (D:14)
  5 pharaoh ants
  A sun moth (Spider:4)
  10 sea snakes
  25 deep trolls
  A phantasmal warrior (D:13)
  3 ironbound convokers
  11 orb spiders
  8 steelbarb worms
  Pikel (D:5)
  A deep elf pyromancer (D:12)
  4 wizards
  17 wolf spiders
  12 lindwurms
  8 orc sorcerers
  20 harpies
  5 orc knights
  2 necromancers
  14 fauns
  A deep elf zephyrmancer (D:14)
  25 ugly things
  A moth of wrath (Spider:1)
  13 manticores
  3 cyclopes
  11 vault sentinels
  9 merfolk sirens
  9 elephants
  A black mamba (shapeshifter) (D:13)
  3 water nymphs
  A gargoyle (D:10)
  5 torpor snails
  8 komodo dragons
  5 cane toads
  6 demonic crawlers
  21 yaktaurs
  2 rime drakes (Lair:2)
  2 kobold demonologists (D:11)
  2 tengu conjurers (D:14)
  A freezing wraith (D:14)
  22 merfolk
  10 trolls
  5 large abominations (D:13)
  5 hornets
  A tarantella (shapeshifter) (D:14)
  2 meliai (Spider:2)
  3 wind drakes
  A polar bear (Lair:3)
  12 slime creatures
  Grinder (D:3)
  19 tarantellas
  14 blink frogs
  8 snapping turtles
  A shadow (D:11)
  21 jumping spiders
  2 vampires
  19 culicivoras
  A spriggan (shapeshifter) (D:15)
  8 water elementals
  5 wraiths
  A centaur simulacrum (D:15)
  A hog (shapeshifter) (D:13)
  3 wyverns
  4 basilisks
  57 yaks
  Eustachio (D:6)
  4 fire elementals (D:15)
  10 vampire mosquitoes
  4 steam dragons
  49 redbacks
  3 acid dragons
  A warg (Orc:2)
  A two-headed ogre zombie (D:11)
  3 hell hounds (D:15)
  10 water moccasins
  Duvessa (D:4)
  24 orc warriors
  A sky beast (D:7)
  2 ice beasts
  2 black bears
  5 ogres
  14 centaurs
  5 phantoms
  7 small abominations (D:13)
  4 kobold brigands
  2 necrophages
  9 bullfrogs
  3 water moccasin zombies (Ossuary)
  A scorpion (D:6)
  Dowan (D:4)
  6 killer bees (D:10)
  5 electric eels
  3 howler monkeys
  A vampire bat (Orc:2)
  2 lava snakes (D:8)
  Crazy Yiuf (D:3)
  A gnoll bouda (D:8)
  7 hounds
  17 orc priests
  2 jellies (Lair:4)
  4 iguanas
  32 orc wizards
  Natasha (thrice) (D:3)
  7 ogre zombies (D:11)
  2 mummies (Ossuary)
  11 gnolls
  4 adders
  A white imp (D:5)
  2 ufetubi (D:5)
  5 adder zombies (Ossuary)
  3 worms
  4 dart slugs
  72 orcs
  14 bats
  12 endoplasms
  3 giant cockroaches
  7 goblins
  7 hobgoblins
  4 jackals
  16 kobolds
  2 quokkas (D:4)
  8 ball pythons
  5 frilled lizards
  5 gnoll zombies (Ossuary)
  A goblin skeleton (D:11)
  3 goblin zombies (D:11)
  A hobgoblin skeleton (D:11)
  12 hobgoblin zombies
  4 kobold zombies (Ossuary)
  5 orc skeletons (D:11)
  14 orc zombies
  5 rats
  2 tentacles (Shoals:3)
1174 creatures vanquished.

Vanquished Creatures (collateral kills)
  A peacekeeper (Vaults:2)
  A jorogumo (Spider:2)
  A skeletal warrior (D:13)
  A yaktaur (Vaults:2)
  2 merfolk (Lair:2)
  4 yaks (Lair:5)
  2 orc priests (Orc:2)
12 creatures vanquished.

Vanquished Creatures (others)
  A kraken (Shoals:3)
  2 ghost moths (Spider:4)
  2 dire elephants
  A hydra (D:14)
  A death yak (Lair:5)
  A deep troll (Vaults:1)
  A harpy (Shoals:1)
  An ugly thing (Vaults:1)
  2 fauns (Shoals:4)
  A yaktaur (Vaults:1)
  A tengu conjurer (D:14)
  A meliai (Spider:2)
  A merfolk (Shoals:4)
  A tarantella (Spider:2)
  A yak (Lair:5)
  A redback (Spider:3)
  A vampire mosquito (D:11)
  An orc warrior (D:8)
  2 howler monkeys (D:10)
  An orc priest (Orc:2)
  An orc wizard (Orc:2)
  An orc (Orc:2)
  An orc zombie (D:14)
  33 fungi
  281 plants
  3 tentacles (Shoals:3)
  2 withered plants (Shoals:1)
346 creatures vanquished.

Grand Total: 1532 creatures vanquished

Notes
Turn   | Place    | Note
-------+----------+-------------------------------------------
     0 | D:1      | porpoise the Merfolk Gladiator began the quest for the Orb.
     0 | D:1      | Reached XP level 1. HP: 16/16 MP: 1/1
   125 | D:1      | Reached XP level 2. HP: 23/23 MP: 2/2
   529 | D:1      | Found a faded altar of an unknown god.
   601 | D:1      | Reached skill level 5 in Polearms
   661 | D:1      | Reached XP level 3. HP: 28/28 MP: 3/3
   686 | D:1      | Found Johupn's Assorted Antiques.
  1146 | D:2      | Reached skill level 3 in Fighting
  1245 | D:2      | Gained mutation: You sometimes lose your temper in combat.
                  | [potion of mutation]
  1263 | D:2      | Reached XP level 4. HP: 15/35 MP: 4/4
  2054 | D:3      | Noticed Grinder
  2067 | D:3      | Paralysed by Grinder for 4 turns
  2078 | D:3      | Paralysed by Grinder for 4 turns
  2082 | D:3      | Killed Grinder
  2083 | D:3      | Reached skill level 4 in Fighting
  2083 | D:3      | Reached XP level 5. HP: 40/43 MP: 5/5
  2083 | D:3      | Reached XP level 6. HP: 46/49 MP: 6/6
  2399 | D:3      | Noticed Natasha
  2413 | D:3      | Killed Natasha
  2990 | D:3      | Noticed Natasha
  2995 | D:3      | Killed Natasha
  2996 | D:3      | Reached XP level 7. HP: 55/55 MP: 7/7
  3137 | D:3      | Found a runed translucent door.
  3138 | D:3      | Noticed Crazy Yiuf
  3147 | D:3      | Killed Crazy Yiuf
  3148 | D:3      | Reached skill level 5 in Fighting
  3400 | D:4      | Noticed Dowan
  3402 | D:4      | Noticed Duvessa
  3468 | D:3      | Noticed Natasha
  3477 | D:3      | Killed Natasha
  3657 | D:4      | Lost mutation: You sometimes lose your temper in combat.
                  | [potion of mutation]
  3657 | D:4      | Gained mutation: Your magical capacity is low. (-10% MP)
                  | [potion of mutation]
  3657 | D:4      | Gained mutation: You possess an exceptional clarity of
                  | mind. [potion of mutation]
  3678 | D:4      | Found a sand-covered staircase.
  3687 | Ossuary  | Entered an ossuary
  3896 | Ossuary  | Reached skill level 10 in Polearms
  4037 | D:4      | Killed Duvessa
  4038 | D:4      | Reached skill level 6 in Fighting
  4038 | D:4      | Reached XP level 8. HP: 64/64 MP: 7/7
  4043 | D:4      | Killed Dowan
  4073 | D:4      | Found Sirek's Armour Boutique.
  4218 | D:1      | Bought a scroll labelled HIOVUGR BUNYECH for 26 gold pieces
  4218 | D:1      | Bought 2 fizzy cyan potions for 46 gold pieces
  4419 | D:5      | Entered Level 5 of the Dungeon
  4435 | D:5      | Noticed Pikel
  4444 | D:5      | Killed Pikel
  4445 | D:5      | Reached skill level 7 in Fighting
  4566 | D:5      | Found a sacrificial altar of Ru.
  4765 | D:5      | Reached XP level 9. HP: 72/72 MP: 8/8
  4818 | D:5      | Reached skill level 1 in Armour
  4883 | D:5      | Found a broken altar of Ashenzari.
  5296 | D:6      | Found a large runed translucent door.
  5296 | D:6      | Found a large runed translucent door.
  5300 | D:6      | Found a shimmering altar of Xom.
  5328 | D:6      | Identified the +8 rapier of Burning Terror {chaos, Dex+2}
  5840 | D:6      | Noticed Eustachio
  5854 | D:6      | Killed Eustachio
  6170 | D:6      | Found a staircase to the Ecumenical Temple.
  6578 | D:7      | Identified the +4 ring mail of Nemelex Xobeh's Grace {rElec
                  | Stlth+}
  6642 | D:7      | Reached skill level 5 in Dodging
  7183 | D:8      | Reached XP level 10. HP: 48/79 MP: 9/9
  7358 | D:8      | Identified the +7 whip of Deago {vorpal, Dex+3}
  7692 | D:8      | Found a staircase to the Lair.
  7993 | D:8      | Found a stormy altar of Qazlal.
  7996 | D:8      | Found a shimmering blue altar of Sif Muna.
  7997 | D:8      | Found a shadowy altar of Dithmenos.
  8156 | D:5      | Became a worshipper of Ru the Awakened
  8258 | D:8      | Identified the +1 chain mail of Paseusoh {rPois Regen+
                  | Dex-3}
  8440 | D:8      | Reached skill level 8 in Fighting
  8819 | D:9      | Gained mutation: You are missing a hand. [Ru sacrifice]
  8819 | D:9      | Reached * piety under Ru
  8819 | D:9      | Reached ** piety under Ru
  8883 | D:9      | Reached skill level 5 in Armour
  8896 | D:9      | Reached skill level 1 in Evocations
  9481 | D:10     | Entered Level 10 of the Dungeon
  9586 | D:10     | Noticed a gargoyle
  9604 | D:10     | HP: 2/82 [gargoyle/+0 mace (17)]
  9623 | D:10     | Killed a gargoyle
  9624 | D:10     | Reached skill level 9 in Fighting
  9715 | D:10     | Reached XP level 11. HP: 89/89 MP: 9/9
 10254 | D:10     | Found a hazy altar of Hepliaklqana.
 10560 | Lair:1   | Entered Level 1 of the Lair of Beasts
 10661 | Lair:1   | Found a transporter.
 10663 | Lair:1   | Noticed a glowing orange brain
 10667 | Lair:1   | Noticed Valamore's ghost (journeyman FoFi)
 10667 | Lair:1   | Noticed a purple ugly thing
 10668 | Lair:1   | Noticed a brown ugly thing
 10739 | Lair:1   | Noticed a boulder beetle
 10752 | Lair:1   | Killed a boulder beetle
 10976 | Lair:1   | Reached skill level 10 in Fighting
 10976 | Lair:1   | Reached skill level 5 in Evocations
 11165 | Lair:1   | Noticed a cyan ugly thing
 11169 | Lair:1   | Found a transporter.
 11432 | Lair:1   | Found a one-way gate to the infinite horrors of the Abyss.
 11603 | Lair:1   | Lost mutation: Your magical capacity is low. (-10% MP)
                  | [potion of mutation]
 11603 | Lair:1   | Lost mutation: You possess an exceptional clarity of mind.
                  | [potion of mutation]
 11603 | Lair:1   | Gained mutation: Potions are less effective at restoring
                  | your health. [potion of mutation]
 11604 | Lair:1   | Lost mutation: Potions are less effective at restoring your
                  | health. [potion of mutation]
 11604 | Lair:1   | Gained mutation: You are robust. (+10% HP) [potion of
                  | mutation]
 11604 | Lair:1   | Gained mutation: Your muscles are strong. (Str +4, Int/Dex
                  | -1) [potion of mutation]
 12168 | Lair:2   | Found a hole to the Spider Nest.
 12302 | Lair:2   | Reached skill level 11 in Fighting
 12370 | Lair:2   | Found a staircase to the Shoals.
 12660 | Lair:2   | Reached XP level 12. HP: 104/110 MP: 12/12
 13021 | Lair:3   | Noticed a five-headed hydra
 13039 | Lair:3   | Killed a five-headed hydra
 13095 | Lair:3   | Reached skill level 12 in Fighting
 13095 | Lair:3   | Reached skill level 10 in Dodging
 13214 | Lair:3   | Identified the +7 ring mail of Servitude {rPois rC++}
 14505 | Lair:4   | Found a staircase to the Slime Pits.
 14512 | Lair:4   | Noticed a death yak
 14524 | Lair:4   | Noticed a death yak
 14530 | Lair:4   | Noticed a death yak
 14532 | Lair:4   | Noticed a death yak
 14532 | Lair:4   | Noticed a death yak
 14535 | Lair:4   | Killed a death yak
 14561 | Lair:4   | Killed a death yak
 14562 | Lair:4   | Reached skill level 13 in Fighting
 14567 | Lair:4   | Killed a death yak
 15026 | Lair:4   | Killed a death yak
 15066 | Lair:4   | Noticed a death yak
 15067 | Lair:4   | Found a viscous altar of Jiyva.
 15100 | Lair:4   | Killed a death yak
 15117 | Lair:4   | Killed a death yak
 15625 | Lair:3   | Reached XP level 13. HP: 123/123 MP: 13/13
 16171 | D:11     | Found a portal to a secret trove of treasure.
 16175 | D:11     | Upgraded the game from 0.29-a0-923-g6e406bff71 to
                  | 0.29-a0-925-g0a7a3d12f8
 16329 | D:11     | Found a staircase to the Orcish Mines.
 16353 | D:11     | Reached skill level 14 in Fighting
 16842 | D:11     | Gained mutation: You are slightly weak-willed. (Will-) [Ru
                  | sacrifice]
 16842 | D:11     | Reached *** piety under Ru
 16842 | D:11     | Reached **** piety under Ru
 16981 | D:11     | Noticed Snorg
 17003 | D:11     | Killed Snorg
 17645 | D:12     | Learned a level 5 spell: Yara's Violent Unravelling
 18920 | D:13     | Learned a level 2 spell: Blink
 19104 | D:13     | Reached XP level 14. HP: 125/132 MP: 14/14
 19589 | D:14     | Reached skill level 10 in Armour
 19948 | D:13     | Gained mutation: You cannot study or cast Ice magic. [Ru
                  | sacrifice]
 19948 | D:13     | Gained mutation: You cannot study or cast Hexes magic. [Ru
                  | sacrifice]
 19948 | D:13     | Gained mutation: You cannot study or cast Conjurations
                  | magic. [Ru sacrifice]
 19948 | D:13     | Reached ***** piety under Ru
 20878 | D:14     | Found a shadowy altar of Dithmenos.
 20921 | D:14     | Reached skill level 1 in Spellcasting
 20946 | D:14     | Noticed Rupert
 20949 | D:14     | Paralysed by Rupert for 5 turns
 20969 | D:14     | Killed Rupert
 21247 | D:14     | Found a gate to the Vaults.
 21462 | D:15     | Entered Level 15 of the Dungeon
 22070 | D:15     | Paralysed by an orc sorcerer for 3 turns
 23343 | D:15     | Paralysed by an orc sorcerer for 4 turns
 23551 | D:15     | Reached skill level 1 in Translocations
 23867 | D:15     | Found a staircase to the Depths.
 23959 | D:15     | Noticed Azrael
 23969 | D:15     | Killed Azrael
 24263 | D:14     | Reached XP level 15. HP: 132/134 MP: 19/19
 25047 | Orc:1    | Entered Level 1 of the Orcish Mines
 25279 | Orc:1    | Found Mexeenk's Magic Scroll Boutique.
 25288 | Orc:1    | Bought a scroll of blinking for 105 gold pieces
 25421 | Orc:1    | Found a bloodstained altar of Trog.
 25926 | Orc:1    | Found Waabbol's Gadget Gallery.
 26611 | Orc:2    | Entered Level 2 of the Orcish Mines
 26793 | Orc:2    | Found a staircase to the Elven Halls.
 26810 | Orc:2    | Paralysed by an orc sorcerer for 5 turns
 26932 | Orc:2    | Reached skill level 15 in Fighting
 27521 | Orc:2    | Found Loynutz's Magic Scroll Boutique.
 27539 | Orc:2    | Paralysed by an orc sorcerer for 4 turns
 27599 | Orc:2    | Paralysed by an orc sorcerer for 2 turns
 27614 | Orc:2    | Paralysed by an orc sorcerer for 4 turns
 28011 | Orc:2    | Found Ampyir's Magic Scroll Shoppe.
 28011 | Orc:2    | Found Suloafem's Antique Weapon Emporium.
 28012 | Orc:2    | Found Zid Gure's Distillery.
 28016 | Orc:2    | Found Luhoi's Magic Scroll Shoppe.
 28019 | Orc:2    | Bought a scroll of blinking for 75 gold pieces
 28425 | Lair:5   | Entered Level 5 of the Lair of Beasts
 28591 | Lair:4   | Reached skill level 5 in Translocations
 30375 | Lair:5   | Reached skill level 16 in Fighting
 30502 | Lair:5   | Reached skill level 5 in Spellcasting
 30790 | Orc:1    | Bought a scroll of poison for 56 gold pieces
 30790 | Orc:1    | Bought a scroll of teleportation for 42 gold pieces
 30790 | Orc:1    | Bought a scroll of fear for 56 gold pieces
 30790 | Orc:1    | Bought a scroll of enchant armour for 105 gold pieces
 31124 | Shoals:1 | Entered Level 1 of the Shoals
 31324 | Shoals:1 | Noticed Frances
 31346 | Shoals:1 | Killed Frances
 31790 | Shoals:1 | Identified the +3 scale mail of Lauc {rC+}
 32779 | Shoals:1 | Reached XP level 16. HP: 151/151 MP: 23/23
 32988 | Shoals:1 | Reached skill level 15 in Dodging
 33212 | Shoals:1 | Found a runed translucent door.
 33214 | Shoals:1 | Noticed SirDiesAlot's ghost (adept DEEE)
 33473 | Shoals:2 | Found a bloodstained altar of Trog.
 35216 | Shoals:3 | Learned a level 3 spell: Lesser Beckoning
 35769 | Shoals:3 | Noticed a kraken
 35782 | Shoals:3 | Killed a kraken
 36582 | D:1      | Bought 2 potions of might for 208 gold pieces
 36582 | D:1      | Bought a potion of mutation for 208 gold pieces
 36856 | Orc:2    | Bought a potion of curing for 45 gold pieces
 36856 | Orc:2    | Bought a potion of berserk rage for 75 gold pieces
 36856 | Orc:2    | Bought a potion of invisibility for 120 gold pieces
 37228 | Shoals:4 | Entered Level 4 of the Shoals
 37805 | Shoals:4 | Reached skill level 17 in Fighting
 38300 | Shoals:4 | Identified the +9 quarterstaff "Daxaibut" {drain, rElec
                  | rPois rN+ Str-4}
 38799 | Shoals:4 | Reached XP level 17. HP: 75/162 MP: 24/24
 39180 | Shoals:4 | Reached skill level 15 in Polearms
 39475 | Shoals:4 | Noticed Mara
 39514 | Shoals:4 | Killed Mara
 40016 | Shoals:4 | Identified the +1 dagger "Orb Guardian's Peril" {vamp,
                  | rPois rN+}
 40148 | Shoals:4 | Reached skill level 18 in Fighting
 40224 | Shoals:4 | Got a barnacled rune of Zot
 40516 | Spider:1 | Entered Level 1 of the Spider Nest
 40954 | Spider:1 | Noticed Asterion
 40965 | Spider:1 | Killed Asterion
 41066 | Spider:1 | Noticed Jorgrun
 41085 | Spider:1 | Killed Jorgrun
 41903 | Spider:1 | Reached skill level 19 in Fighting
 42277 | Spider:2 | Noticed Arachne
 42296 | Spider:2 | Killed Arachne
 42718 | Spider:2 | Noticed Mlioglotl
 42729 | Spider:2 | Killed Mlioglotl
 42730 | Spider:2 | Reached skill level 1 in Transmutations
 43641 | Spider:2 | Identified the +8 trident of Youthful Indiscretion {vorpal,
                  | rPois Stlth+}
 44691 | Spider:3 | Reached skill level 5 in Transmutations
 44691 | Spider:3 | Reached XP level 18. HP: 108/175 MP: 25/25
 45779 | Spider:4 | Entered Level 4 of the Spider Nest
 46682 | Spider:4 | Reached skill level 20 in Fighting
 48739 | Spider:4 | Got a gossamer rune of Zot
 48963 | Lair:1   | Lost mutation: You are robust. (+10% HP) [potion of
                  | mutation]
 48963 | Lair:1   | Lost mutation: Your muscles are strong. (Str +4, Int/Dex
                  | -1) [potion of mutation]
 48963 | Lair:1   | Gained mutation: You have a pair of small horns on your
                  | head. [potion of mutation]
 48964 | Lair:1   | Lost mutation: You have a pair of small horns on your head.
                  | [potion of mutation]
 48964 | Lair:1   | Gained mutation: You have a beak for a mouth. [potion of
                  | mutation]
 48964 | Lair:1   | Gained mutation: You are resistant to electric shocks.
                  | (rElec) [potion of mutation]
 48965 | Lair:1   | Lost mutation: You have a beak for a mouth. [potion of
                  | mutation]
 48965 | Lair:1   | Lost mutation: You are resistant to electric shocks.
                  | (rElec) [potion of mutation]
 48965 | Lair:1   | Gained mutation: You are weak. (Str -2) [potion of
                  | mutation]
 48965 | Lair:1   | Gained mutation: Your mind is acute. (Int +4, Str/Dex -1)
                  | [potion of mutation]
 48965 | Lair:1   | Gained mutation: Your spells are a little harder to cast,
                  | but a little more powerful. [potion of mutation]
 48966 | Lair:1   | Lost mutation: Your mind is acute. (Int +4, Str/Dex -1)
                  | [potion of mutation]
 48966 | Lair:1   | Lost mutation: You are weak. (Str -2) [potion of mutation]
 48966 | Lair:1   | Lost mutation: Your spells are a little harder to cast, but
                  | a little more powerful. [potion of mutation]
 48966 | Lair:1   | Gained mutation: You are resistant to electric shocks.
                  | (rElec) [potion of mutation]
 48966 | Lair:1   | Gained mutation: Your body sometimes deteriorates upon
                  | taking damage. [potion of mutation]
 48967 | Lair:1   | Lost mutation: Your body sometimes deteriorates upon taking
                  | damage. [potion of mutation]
 48967 | Lair:1   | Lost mutation: You are resistant to electric shocks.
                  | (rElec) [potion of mutation]
 48967 | Lair:1   | Gained mutation: You possess an exceptional clarity of
                  | mind. [potion of mutation]
 48967 | Lair:1   | Gained mutation: You occasionally lose the ability to drink
                  | potions when taking damage. [potion of mutation]
 48967 | Lair:1   | Gained mutation: You are partially covered in iridescent
                  | scales. (AC +2) [potion of mutation]
 48981 | Lair:1   | Upgraded the game from 0.29-a0-925-g0a7a3d12f8 to
                  | 0.29-a0-962-gc8bbfd0a37
 49132 | Vaults:1 | Entered Level 1 of the Vaults
 49390 | Vaults:1 | Reached skill level 10 in Transmutations
 49695 | Vaults:1 | Identified the +3 scale mail "Ynoqyca" {rF+ Slay+2}
 49949 | Vaults:1 | Noticed Zenata
 50684 | Vaults:1 | Reached XP level 19. HP: 132/157 MP: 26/26
 52488 | Vaults:1 | Killed Zenata
 53098 | Vaults:1 | Found Wejur's Antique Armour Boutique.
 53485 | Vaults:1 | Bought a shiny scale mail for 259 gold pieces
 53485 | Vaults:1 | Bought a shiny chain mail for 277 gold pieces
 55041 | Vaults:1 | Lost mutation: You are partially covered in iridescent
                  | scales. (AC +2) [potion of mutation]
 55041 | Vaults:1 | Lost mutation: You possess an exceptional clarity of mind.
                  | [potion of mutation]
 55041 | Vaults:1 | Lost mutation: You occasionally lose the ability to drink
                  | potions when taking damage. [potion of mutation]
 55041 | Vaults:1 | Gained mutation: You are somewhat resistant to further
                  | mutation. [potion of mutation]
 56548 | Vaults:2 | Reached skill level 21 in Fighting
 57009 | Vaults:2 | Reached skill level 10 in Evocations
 57493 | Vaults:2 | Reached XP level 20. HP: 158/174 MP: 27/27
 58623 | Orc:2    | Bought a potion of cancellation for 120 gold pieces
 58623 | Orc:2    | Bought a potion of invisibility for 120 gold pieces
 58623 | Orc:2    | Bought a potion of invisibility for 120 gold pieces
 58627 | Orc:2    | Bought a scroll of teleportation for 30 gold pieces
 58627 | Orc:2    | Bought a scroll of magic mapping for 75 gold pieces
 58627 | Orc:2    | Bought a scroll of enchant armour for 75 gold pieces
 58627 | Orc:2    | Bought a scroll of amnesia for 40 gold pieces
 58627 | Orc:2    | Bought a scroll of teleportation for 30 gold pieces
 58627 | Orc:2    | Bought a scroll of silence for 95 gold pieces
 58627 | Orc:2    | Bought a scroll of enchant armour for 75 gold pieces
 58627 | Orc:2    | Bought a scroll of teleportation for 30 gold pieces
 58629 | Orc:2    | Bought a scroll of teleportation for 45 gold pieces
 58629 | Orc:2    | Bought a scroll of teleportation for 45 gold pieces
 58629 | Orc:2    | Bought a scroll of fear for 60 gold pieces
 58629 | Orc:2    | Bought a scroll of amnesia for 60 gold pieces
 58629 | Orc:2    | Bought a scroll of teleportation for 45 gold pieces
 58629 | Orc:2    | Bought a scroll of vulnerability for 60 gold pieces
 59328 | Abyss:3  | Cast into level 3 of the Abyss (a wizard)
 59363 | Abyss:3  | HP: 6/180 [sun demon[a balrug] (13)]
 59363 | Abyss:3  | Slain by a sun demon

Illustrated notes

Levels and vault maps discovered:
D:1:      evilmike_arrival_crescent, layout_rooms, serial_shops, shop_fountains,
          shapermc_ecumenical_altar_starsandcircs, minmay_heptomino_l4
D:2:      layout_loops_ring, serial_glass, glass_columns_b, glass_columns_c,
          hangedman_decor_clover_reticule
D:3:      layout_loops_corners, chequers_serial_rivers_marsh,
          hangedman_decor_diamond_cutter, uniq_grinder, uniq_natasha,
          uniq_crazy_yiuf_cottage
D:4:      layout_basic, enter_ossuary_2, serial_shops, kennysheep_mini,
          kennysheep_nub, kennysheep_generic_room_3, uniq_duvessa
D:5:      layout_loops_ring, mainiacjoe_overflow_surrounded_room,
          ashenzari_altar_1, uniq_pikel
D:6:      due_chaos_kobolds, layout_basic, minmay_temple_entry_from_below_a,
          uniq_eustachio
D:7:      layout_loops_ring
D:8:      layout_gridville, minitemple, grunt_lair_entry_orc_guard_hut,
          special_room [special_room_orc], grunt_decor_junction
D:9:      layout_irregular_city
D:10:     layout_basic, mainiacjoe_overflow_small_starburst,
          minmay_fractal_squares_5
D:11:     layout_stronghold, zombieorc2_lemuel, enter_trove_3,
          serial_bayou_pond_b, uniq_snorg
D:12:     layout_cave_pools, serial_column_ruins, column_ruins_hut,
          column_ruins_square_large, column_ruins_grid_4,
          column_ruins_open_small, column_ruins_open_small,
          column_ruins_open_medium
D:13:     layout_irregular_city, laboratory
D:14:     layout_cave_pools, david_vaults_1,
          nicolae_dithmenos_through_a_glass_darkly, lemuel_flame_loot_1,
          uniq_rupert
D:15:     hangedman_depths_entry_civil_slaughter, layout_cave_pools,
          chequers_serial_rivers_small_b, uniq_azrael
Lair:1:   layout_cave_pods, gammafunk_ghost_abyssal_escape,
          nicolae_quartered_pool_little, nzn_sisyphean_effort, lemuel_fruit_tree
Lair:2:   layout_cave_pods, minmay_shoals_entry_centaurs,
          spider_nest_entry_funnel_web, small_statue_intersection
Lair:3:   layout_loops_ring, grunt_megastairs_2
Lair:4:   layout_loops_ring, nicolae_slime_entry_slimehenge
Lair:5:   evilmike_catoblepas_cave, layout_cave_pods
Shoals:1: layout_shoals, gammafunk_ghost_grave, uniq_frances
Shoals:2: layout_shoals, lemuel_oklob_altar
Shoals:3: layout_shoals, yaktaur_hedge
Shoals:4: shoals_end_grunt_garden, layout_shoals, uniq_mara
Spider:1: layout_cave_pods, uniq_asterion, uniq_jorgrun
Spider:2: layout_spider_delve, uniq_arachne, uniq_mlioglotl
Spider:3: layout_spider_delve
Spider:4: spider_rune_water, nicolae_spider_shape
Orc:1:    nicolae_orc_accident_3, layout_caves, serial_shops,
          nicolae_square_shop, basic_altar, nicolae_shop_gadgets
Orc:2:    st_orc_mages, layout_diamond_mine, serial_shops, shop, basic_altar,
          roderic_batcave, nicolae_orc_rockfall
Vaults:1: nicolae_vaults_arrows, vaults_room_pool, nicolae_vaults_quartermaster,
          vaults_room_large_hall, vaults_room_pools, v_misc_19,
          nicolae_vaults_little_squares_4, ontoclasm_vaults_ring_small,
          layout_vaults_chaotic_city, serial_shops, nicolae_shop_statue_plus,
          uniq_zenata
Vaults:2: vaults_mumra_chevron_long, nicolae_vaults_specimen_jars,
          nicolae_vaults_triangles, ontoclasm_vaults_gateway, vaults_dpeg_doors,
          vaults_standard_mumra_x, grunt_vaults_bifocal,
          hangedman_vaults_variations, vaults_room_boxed, nicolae_vaults_big_ls,
          nicolae_vaults_puzzle_piece, nicolae_vaults_theta,
          nicolae_vaults_angled_halls, layout_vaults_omnibox, serial_glass
Vaults:3: nicolae_vaults_rhombus_7, v_misc_30,
          minmay_crypt_entry_simple_statues, v_alt_pattern_2, v_rooms_5,
          vaults_room_ringed_pool, grunt_vaults_trifunnel,
          vaults_room_hangedman_quadrants, grunt_vaults_diagonal,
          ontoclasm_vaults_fault, vaults_mumra_hex, layout_vaults_maze,
          uniq_margery, uniq_frederick, uniq_jory
Abyss:3:  base:
D:4

Skill      XL: |  1  2  3  4  5  6  7  8  9 10 11 12 13 14 15 16 17 18 19 |
---------------+----------------------------------------------------------+-----
Polearms       | 5 7 8 10 12 14 16 | 16.0
Fighting       | 3 4 6 7 9 11 13 14 16 17 19 20 21 | 21.5
Armour         | 4 5 7 9 12 | 12.0
Dodging        | 6 9 12 14 16 19 20 | 20.0
Evocations     | 3 5 7 9 10 | 10.8
Spellcasting   | 3 5 |  5.0
Translocations | 2 6 7 9 |  9.0
Transmutations | 5 11 12 | 12.0
Throwing       | |  2.0

Action                   |  1- 3 |  4- 6 |  7- 9 | 10-12 | 13-15 | 16-18 | 19-21 || total
-------------------------+-------+-------+-------+-------+-------+-------+-------++-------
Melee: Trident           |   134 |   153 |   440 |  1064 |  2087 |       |       ||  3878
       Punch             |       |     1 |     7 |     4 |       |       |       ||    12
       Tailslap          |       |       |       |     2 |    12 |    24 |       ||    38
       Demon trident     |       |       |       |       |     3 |  1583 |   730 ||  2316
 Fire: Sling             |       |    12 |       |       |    26 |    74 |    15 ||   127
Throw: Throwing net      |       |     3 |       |     2 |     1 |       |       ||     6
       Javelin           |       |       |       |     1 |       |       |       ||     1
       Dart              |       |       |       |     2 |    19 |     9 |       ||    30
 Cast: Blink             |       |       |       |       |       |     1 |       ||     1
Invok: Sacrifice a Hand  |       |       |       |     1 |       |       |       ||     1
       Reject Sacrifices |       |       |       |     1 |     1 |       |     1 ||     3
       Sacrifice Essence |       |       |       |       |     1 |       |       ||     1
       Power Leap        |       |       |       |       |     8 |     9 |     3 ||    20
       Apocalypse        |       |       |       |       |     1 |     5 |     3 ||     9
       Sacrifice Arcana  |       |       |       |       |     1 |       |       ||     1
       Draw Out Power    |       |       |       |       |       |     1 |       ||     1
Evoke: Wand              |       |       |       |     1 |    33 |     9 |     5 ||    48
       Tin of tremorston |       |       |       |     2 |     6 |     3 |     5 ||    16
       Box of beasts     |       |       |       |     1 |     4 |     3 |     1 ||     9
       Phial of floods   |       |       |       |       |       |     1 |       ||     1
  Use: Potion            |     2 |       |     2 |     8 |    11 |    23 |     4 ||    50
       Scroll            |       |       |    13 |     9 |     9 |    20 |     6 ||    57
 Stab: Sleeping          |     3 |     1 |       |       |       |       |       ||     4
       Held in net/web   |       |     1 |       |     1 |       |       |       ||     2
       Invisible         |       |       |       |     3 |     4 |    13 |     5 ||    25
       Distracted        |       |       |       |     1 |     7 |     6 |     8 ||    22
       Paralysed         |       |       |       |       |     2 |    10 |    14 ||    26
       Fleeing           |       |       |       |       |       |       |     1 ||     1
Armor: Leather armour    |    29 |    33 |       |       |       |       |       ||    62
       Scale mail        |       |     1 |   105 |       |       |       |     9 ||   115
       Ring mail         |       |       |    21 |    57 |   473 |   439 |   130 ||  1120
       Chain mail        |       |       |       |   194 |       |       |       ||   194
Dodge: Dodged            |    61 |    60 |   123 |   318 |  1282 |  1277 |   502 ||  3623

Table legend: (Time is in decaauts)
 A = Elapsed time spent in this place.
 B = Non-inter-level travel time spent in this place.
 C = Inter-level travel time spent in this place.
 D = Time resting spent in this place.
 E = Time spent auto-exploring this place.
 F = Levels seen in this place.
 G = Mean time per level.
                   A        B        C        D        E       F      G
               +--------+--------+--------+--------+--------+-----+--------+
         Total |  56384 |  51954 |   4430 |  23803 |  17365 |  35 | 1611.0 |
       Dungeon |  21037 |  18879 |   2158 |   7067 |   8352 |  15 | 1402.5 |
          Lair |   9070 |   8281 |    789 |   2718 |   3556 |   5 | 1814.0 |
        Shoals |   6972 |   6808 |    164 |   3896 |   1107 |   4 | 1743.0 |
   Spider Nest |   7594 |   7148 |    446 |   4127 |   1889 |   4 | 1898.5 |
  Orcish Mines |   3427 |   2863 |    564 |   1202 |    749 |   2 | 1713.5 |
        Vaults |   7941 |   7634 |    307 |   4706 |   1674 |   3 | 2647.0 |
         Abyss |     25 |     25 |      0 |      0 |      1 |   1 |   25.0 |
       Ossuary |    316 |    316 |      0 |     85 |     36 |   1 |  316.0 |
               +--------+--------+--------+--------+--------+-----+--------+

Top non-repeatable levels by time:
    D:14: 4954 daAuts
Vaults:1: 4550 daAuts
Vaults:2: 3374 daAuts
    D:13: 2353 daAuts
  Lair:2: 2295 daAuts
Spider:2: 2285 daAuts
Spider:4: 2221 daAuts
  Lair:1: 1900 daAuts
Shoals:2: 1840 daAuts
Shoals:3: 1799 daAuts
   Orc:1: 1747 daAuts
  Lair:5: 1705 daAuts
   Orc:2: 1680 daAuts
Shoals:1: 1671 daAuts
Shoals:4: 1660 daAuts
